 Dungeon Crawl Stone Soup version 0.23.2-11-gf996548c65 (webtiles) character file.

Game seed: 8189533281349166890

42 Ordine the Magician (level 3, 0/19 HPs)
             Began as a Deep Elf Wizard on June 3, 2019.
             Slain by Robin
             ... wielding a +0 spear
              (1 damage)
             ... on level 2 of the Dungeon.
             The game lasted 00:03:13 (1327 turns).

Ordine the Magician (Deep Elf Wizard)               Turns: 1327, Time: 00:03:13

Health: 0/19       AC:  6    Str:  4    XL:     3   Next: 33%
Magic:  1/11       EV: 12    Int: 23    God:
Gold:   53         SH:  0    Dex: 13    Spells: 2/11 levels left

rFire    . . .     SeeInvis .   m - +2 quarterstaff (protect)
rCold    . . .     Gourm    .   (shield currently unavailable)
rNeg     . . .     Faith    .   a - +0 robe
rPois    .         Spirit   .   b - +0 hat
rElec    .         Reflect  .   (no cloak)
rCorr    .         Harm     .   g - +1 pair of gloves
MR       .....                  k - +1 pair of boots
Stlth    ++........             (no amulet)
HPRegen  0.06/turn              (no ring)
MPRegen  0.12/turn              (no ring)

@: drained
A: no striking features
a: no special abilities


You were on level 2 of the Dungeon.
You were not hungry.

You visited 1 branch of the dungeon, and saw 2 of its levels.

You collected 53 gold pieces.

Inventory:

Hand Weapons
 m - a +2 quarterstaff of protection (weapon)
Armour
 a - a +0 robe (worn)
 b - a +0 hat (worn)
 g - a +1 pair of gloves (worn)
 k - a +1 pair of boots (worn)
Jewellery
 h - an uncursed ring of positive energy {unknown}
Scrolls
 c - a scroll of enchant armour
 f - 2 scrolls of teleportation
Potions
 e - a potion of magic
 i - 2 potions of flight
Comestibles
 d - 4 rations


   Skills:
 + Level 2.8(1.9) Dodging
 - Level 3.0(2.1) Stealth
 + Level 4.7(3.8) Spellcasting
 * Level 2.3(1.4) Conjurations
   Level 1.1(0.2) Summonings
 + Level 1.3(0.5) Translocations
 + Level 0.0 Fire Magic
 + Level 0.4(0.0) Air Magic


You had 2 spell levels left.
You knew the following spells:

 Your Spells              Type           Power        Failure   Level  Hunger
a - Magic Dart            Conj           ##..         6%          1    None
b - Blink                 Tloc           N/A          13%         2    #......
c - Conjure Flame         Conj/Fire      #.......     24%         3    ###....
d - Mephitic Cloud        Conj/Pois/Air  #.......     26%         3    ###....

Your spell library contained the following spells:

 Spells                   Type           Power        Failure   Level  Hunger
 Call Imp                 Summ           #.......     14%         2    #......
 Slow                     Hex            #.......     16%         2    #......


Dungeon Overview and Level Annotations

Branches:
Dungeon (2/15)

Altars:

Annotations:
D:2 Robin


Message History

The goblin hits you but does no damage.
You feel drained.
You hit the goblin.
You kill the goblin!
The goblin closely misses you.
Robin hits you from afar with a +0 spear.
Robin throws the goblin at you! The goblin hits you but does no damage.
You miss the goblin. The goblin hits you with a +0 dagger.
The goblin hits you but does no damage. The goblin barely misses you.
You barely miss the goblin. The goblin closely misses you.
The goblin hits you but does no damage.
You closely miss the goblin.
The goblin no longer looks unusually strong. x2
Robin roars a battlecry!
The goblins go into a battle-frenzy!
The goblin hits you but does no damage. The goblin barely misses you.
You barely miss the goblin. The goblin hits you but does no damage.
The goblin hits you with a +0 club.
* * * LOW HITPOINT WARNING * * *
Robin hits you from afar with a +0 spear.
You die...

#..†..).... ##
#.......... #$
+......#
####### #.
#......#
#...... ..
#......#
#.####. #.
#......# #.#
#. #. #gr....#
#.# #.
#.##gg....#
#.# #.
#..@#######
#.# #.
.(.....#g#
########.####.
.......#.#
#...........#.
.......#.#
#.#####.###.#.
########'###.#
#.###.#.
#.......#.#
#.....#.
#.......#.#
#######.
#.).....#.#
#.......
#.......#.#
#.######


You could see Robin, 3 goblins and a rat.

Vanquished Creatures
  2 worms (D:2)
  2 dart slugs (D:1)
  2 leopard geckos (D:1)
  2 bats (D:1)
  2 giant cockroaches
  9 goblins
  2 hobgoblins
  2 frilled lizards (D:1)
  3 kobolds
  3 rats
29 creatures vanquished.

Notes
Turn   | Place    | Note
-------+----------+-------------------------------------------
     0 | D:1      | Ordine the Deep Elf Wizard began the quest for the Orb.
     0 | D:1      | Reached XP level 1. HP: 10/10 MP: 7/7
   253 | D:1      | Reached XP level 2. HP: 15/15 MP: 3/9
   306 | D:1      | Learned a level 2 spell: Blink
  1162 | D:2      | Reached XP level 3. HP: 19/19 MP: 1/11
  1167 | D:2      | Learned a level 3 spell: Conjure Flame
  1171 | D:2      | Learned a level 3 spell: Mephitic Cloud
  1304 | D:2      | Noticed Robin
  1327 | D:2      | Slain by Robin

Skill      XL: |  1  2  3 |
---------------+----------+-----
Conjurations   | 2 |  2.3
Stealth        | 3 |  3.0
Dodging        | |  2.8
Spellcasting   | |  4.7
Summonings     | |  1.1
Translocations | |  1.3
Air Magic      | |  0.4

Action                   || total
-------------------------++-------
Melee: Quarterstaff      ||    10
 Cast: Magic Dart        ||    69
  Use: Scroll            ||     5
  Eat: Chunk             ||     1
Armor: Robe              ||     9
Dodge: Dodged            ||    16
